 Dungeon Crawl Stone Soup version 0.21.1-1-g345015f (webtiles) character file.

94 cultivahabas the Chopper (level 4, -5/41 HPs)
             Began as a Hill Orc Monk on May 23, 2018.
             Was a Believer of Nemelex Xobeh.
             Killed by a card of wild magic (9 damage)
             ... on level 3 of the Dungeon.
             The game lasted 00:08:36 (2586 turns).

cultivahabas the Chopper (Hill Orc Monk)            Turns: 2586, Time: 00:08:36

Health: -5/41      AC:  8    Str: 13    XL:     4   Next: 63%
Magic:  5/5        EV: 11    Int: 10    God:    Nemelex Xobeh [**....]
Gold:   33         SH:  4    Dex: 14    Spells: 3/3 levels left

rFire    + . .     SeeInvis .   a - +0 hand axe
rCold    . . .     Gourm    .   j - +0 buckler {rF+}
rNeg     . . .     Faith    .   m - +0 chain mail
rPois    .         Spirit   .   (no helmet)
rElec    .         Reflect  .   (no cloak)
rCorr    +         Harm     .   (no gloves)
MR       .....                  (no boots)
Stlth    ..........             (no amulet)
HPRegen  0.13/turn              h - ring of resist corrosion
MPRegen  0.09/turn              i - +5 ring of evasion

@: no status effects
A: no striking features
a: Renounce Religion, Convert to Beogh


You were on level 3 of the Dungeon.
You worshipped Nemelex Xobeh.
Nemelex Xobeh was pleased with you.
You were hungry.

You visited 1 branch of the dungeon, and saw 3 of its levels.

You collected 33 gold pieces.

Inventory:

Hand Weapons
 a - a +0 hand axe (weapon)
Missiles
 f - 35 stones
 q - 8 tomahawks of dispersal (quivered)
Armour
 j - a +0 buckler of fire resistance (worn)
 m - a +0 chain mail (worn)
Jewellery
 h - a ring of resist corrosion (left hand)
 i - a +5 ring of evasion (right hand)
Scrolls
 b - a scroll of immolation {unknown}
 d - 3 scrolls of teleportation {unknown}
 e - 4 scrolls of identify {unknown}
 g - a scroll of enchant armour {unknown}
 k - a scroll of enchant weapon {unknown}
 p - a scroll of amnesia {unknown}
Potions
 l - a potion of lignification {unknown}
 r - 2 potions of curing {unknown}
 s - a potion of might {unknown}
Miscellaneous
 n - a plain deck of destruction {drawn: 1}
 o - a plain deck of destruction
Comestibles
 c - 4 rations


   Skills:
 + Level 4.4 Fighting
 * Level 5.6 Axes
 - Level 2.4 Dodging
 - Level 1.5 Stealth
 + Level 1.4 Shields
 * Level 1.6 Invocations


You had 3 spell levels left.
You didn't know any spells.

Dungeon Overview and Level Annotations

Branches:
Dungeon (3/15)

Altars:
Elyvilon
Nemelex Xobeh


Message History

Beogh smites you!
You are too injured to fight recklessly!
You are too injured to fight recklessly!
You are too injured to fight recklessly!
You are too injured to fight recklessly!
You are too injured to fight recklessly!
You hit the orc priest but do no damage.
The orc priest shouts, "Beogh is our master!
Accept the truth or die!"
The orc priest is heavily wounded.
The orc priest calls down the wrath of Beogh upon you.
Beogh smites you!
* * * LOW HITPOINT WARNING * * *
The orc priest barely misses you.
That item cannot be evoked!
Evoke which item? (* to show all) (? for menu, Esc to quit)
You draw a card...
It is Wild Magic.
The orc priest is caught in an explosion of flying shrapnel!
The explosion engulfs the orc priest.
The explosion engulfs you!
You die...
Your body disappears without a glow.

#...........
#.........##
###........... ..
#...........## ...
#............##..
..#......[........ .
......÷<.....#..# .#
.>#........o##..###.##
#.........@....#...##
....####......?.......#
... .....)#.†.........
.[ ......#........... #
...............%..
....#.##<.........
...... ##...#.?...
##### ...........
..###.#####..


You could see an orc priest.

Vanquished Creatures
  3 adders (D:2)
  3 worms (D:2)
  2 dart slugs
  4 leopard geckos
  4 orcs
  5 bats
  2 giant cockroaches (D:2)
  4 hobgoblins
  A quokka (D:2)
  A ball python (D:1)
  6 frilled lizards
  5 goblins
  2 kobolds
  8 rats
50 creatures vanquished.

Notes
Turn   | Place    | Note
-------+----------+-------------------------------------------
     0 | D:1      | cultivahabas the Hill Orc Monk began the quest for the Orb.
     0 | D:1      | Reached XP level 1. HP: 19/19 MP: 1/1
   382 | D:1      | Reached XP level 2. HP: 14/27 MP: 2/2
  1315 | D:2      | Reached skill level 5 in Axes
  1315 | D:2      | Reached XP level 3. HP: 21/33 MP: 3/3
  1453 | D:2      | Found a sparkling altar of Nemelex Xobeh.
  1544 | D:2      | Reached skill level 1 in Shields
  1565 | D:2      | Became a worshipper of Nemelex Xobeh the Trickster
  1565 | D:2      | Received a gift from Nemelex Xobeh
  1565 | D:2      | Reached * piety under Nemelex Xobeh
  1565 | D:2      | Received a gift from Nemelex Xobeh
  1565 | D:2      | Reached ** piety under Nemelex Xobeh
  1710 | D:2      | Found a white marble altar of Elyvilon.
  1825 | D:2      | Reached skill level 1 in Invocations
  1825 | D:2      | Reached XP level 4. HP: 41/41 MP: 4/4
  2586 | D:3      | Killed by a card of wild magic

Skill      XL: |  1  2  3 |
---------------+----------+-----
Fighting       | 4 |  4.4
Axes           | 5 |  5.6
Shields        | 1 |  1.4
Invocations    | 1 |  1.6
Dodging        | |  2.4
Stealth        | |  1.5

Action                   |  1- 3 |  4- 6 || total
-------------------------+-------+-------++-------
Melee: Hand axe          |   137 |    76 ||   213
Throw: Stone             |     3 |       ||     3
  Eat: Chunk             |     3 |     2 ||     5
Armor: Robe              |     4 |       ||     4
       Chain mail        |    23 |    32 ||    55
       Ring mail         |     2 |       ||     2
Dodge: Dodged            |    71 |    39 ||   110
Block: Buckler           |    25 |    14 ||    39
